 Dungeon Crawl Stone Soup version 0.28.0-53-g5a82cb258f (webtiles) character file.

Game seed: 9360625687040782118

116 jiml777 the Digger (level 5, -1/29 HPs)
             Began as a Gargoyle Earth Elementalist on June 9, 2022.
             Slain by an orc priest
             ... wielding a +2 vorpal trident
              (4 damage)
             ... on level 3 of the Dungeon on June 10, 2022.
             The game lasted 00:08:35 (2699 turns).

jiml777 the Digger (Gargoyle Earth Elementalist)    Turns: 2699, Time: 00:08:35

Health: -1/29      AC:  8    Str: 11    XL:     5   Next: 1%
Magic:  7/9        EV: 11    Int: 18    God:
Gold:   89         SH:  0    Dex: 10    Spells: 8/9 levels left

rFire   . . .      SeeInvis .   s - +2 quarterstaff (chaos)
rCold   . . .      Faith    .   (shield currently unavailable)
rNeg    + . .      Spirit   .   k - +0 leather armour
rPois   ∞          Reflect  .   (no helmet)
rElec   +          Harm     .   t - +0 cloak
rCorr   .          Rampage  .   (no gloves)
Will    .....                   (no boots)
Stlth   ++........              (no amulet)
HPRegen 0.09/turn               (no ring)
MPRegen 0.11/turn               (no ring)

@: no status effects
A: sickness immunity, AC +4, negative energy resistance 1, electricity
resistance, torment resistance 1, petrification resistance
a: no special abilities


You were on level 3 of the Dungeon.
You visited 1 branch of the dungeon, and saw 3 of its levels.

You collected 89 gold pieces.

Inventory:

Hand Weapons
 e - a +2 whip of holy wrath
 s - a +2 quarterstaff of chaos (weapon)
Missiles
 c - 15 stones
 l - 2 poisoned darts
 o - 16 arrows
Armour
 b - a +0 robe
 k - a +0 leather armour (worn)
 t - a +0 cloak (worn)
Wands
 p - a wand of mindburst (15)
 r - a wand of polymorph (13)
Scrolls
 a - a scroll of identify {unknown}
 d - a scroll of brand weapon {unknown}
 f - 3 scrolls of fear {unknown}
 g - 2 scrolls of enchant weapon {unknown}
 i - a scroll of vulnerability {unknown}
 m - a scroll of teleportation {unknown}
 n - a scroll of immolation {unknown}
 q - a scroll of fog {unknown}
Potions
 h - 5 potions of curing {unknown}
 j - a potion of invisibility {unknown}


   Skills:
 + Level 1.0 Fighting
 + Level 1.6 Maces & Flails
 + Level 1.1 Armour
 + Level 1.7 Dodging
 + Level 2.7 Stealth
 + Level 2.9 Spellcasting
 + Level 0.7 Transmutations
 + Level 4.5 Earth Magic


You had 8 spell levels left.
You knew the following spells:

 Your Spells              Type           Power      Damage    Failure   Level
a - Sandblast             Erth           38%        2d10      3%          1

Your spell library contained the following spells:

 Spells                   Type           Power      Damage    Failure   Level
 Passwall                 Tmut/Erth      10%        N/A       11%         2
 Stone Arrow              Conj/Erth      20%        3d8       26%         3
 Petrify                  Tmut/Erth      12%        N/A       58%         4


Dungeon Overview and Level Annotations

Branches:
Dungeon (3/15)

Altars:


Innate Abilities, Weirdness & Mutations

You are immune to sickness and miasma.
Your stone body is resilient. (AC +4)
You are immune to poison.
You resist negative energy. (rN+)
You are resistant to electric shocks. (rElec)
You are resistant to unholy torment.
You are immune to petrification.


Message History

Casting: Sandblast (safe; 3% risk of failure)
Confirm with . or Enter, or press ? or * to list all spells.
Aiming: Sandblast (safe; 3% risk of failure)
Press: ? - help, Shift-Dir - straight line, f/p - hobgoblin
Aim: a hobgoblin (79% to hit)
The blast of sand hits the hobgoblin!
You kill the hobgoblin!
The orc wizard casts a spell.
The orc wizard flickers and vanishes!
Deactivating autopickup; reactivate with Ctrl-A.
You thump the kobold!
You kill the kobold!
Your magical contamination has completely faded away.
You hit the orc.
The orc is poisoned.
The orc is severely wounded.
The orc barely misses you. The orc hits you with a +0 flail.
You hit the orc but do no damage. Lightning courses through the orc!!
You kill the orc!
Something hits you but does no damage.
Items here: )) [ †.
You miss something. Something hits you but does no damage.
You closely miss the orc. The orc hits you with a +0 flail.
Something hits you but does no damage. The orc priest closely misses you.
You closely miss the orc. Something hits you. The orc hits you with a +0 flail.
The orc priest barely misses you.
You hit the orc but do no damage.
The orc is poisoned.
The orc closely misses you. Something hits you but does no damage.
The orc priest closely misses you. Something hits you but does no damage.
The orc hits you with a +0 flail.
You miss something.
You kill the orc!
Something hits you but does no damage.
You have reached level 5!
You closely miss something. Something hits you but does no damage.
The orc priest hits you from afar with a +2 vorpal trident.
* * * LOW HITPOINT WARNING * * *
x2 You closely miss something.
Something hits you.
* * * LOW HITPOINT WARNING * * *
The orc priest hits you from afar with a +2 vorpal trident.
You die...

...#............
#. #.##......<....
#..#.........<#...
#.####.........##
..# ###.#####.#
... #.# ...
#.###.# #. #...#o#
#@#†# #.{o# ##..#
#..# ##.. #..#
#..# #..# ###


You could see an orc priest.

Vanquished Creatures
  Crazy Yiuf (D:2)
  3 adders (D:2)
  A worm (D:2)
  A dart slug (D:2)
  2 orcs (D:3)
  5 ball pythons
  5 endoplasms
  A giant cockroach (D:2)
  7 hobgoblins
  3 jackals (D:1)
  6 kobolds
  3 quokkas
  2 bats
  A frilled lizard (D:1)
  5 goblins
  5 rats
51 creatures vanquished.

Vanquished Creatures (others)
  A plant (D:1)
1 creature vanquished.

Grand Total: 52 creatures vanquished

Notes
Turn   | Place    | Note
-------+----------+-------------------------------------------
     0 | D:1      | jiml777 the Gargoyle Earth Elementalist began the quest for
                  | the Orb.
     0 | D:1      | Reached XP level 1. HP: 10/10 MP: 3/3
   147 | D:1      | Reached skill level 4 in Earth Magic
   391 | D:1      | Reached XP level 2. HP: 15/15 MP: 1/5
   959 | D:1      | Found a faded altar of an unknown god.
  1114 | D:1      | Reached XP level 3. HP: 19/19 MP: 4/6
  2203 | D:2      | Reached skill level 1 in Maces & Flails
  2300 | D:2      | Reached XP level 4. HP: 24/24 MP: 8/8
  2597 | D:2      | Found a runed translucent door.
  2598 | D:2      | Noticed Crazy Yiuf
  2605 | D:2      | Killed Crazy Yiuf
  2606 | D:2      | Reached skill level 1 in Fighting
  2606 | D:2      | Reached skill level 1 in Armour
  2698 | D:3      | Reached XP level 5. HP: 10/29 MP: 7/9
  2699 | D:3      | Slain by an orc priest

Illustrated notes

Levels and vault maps discovered:
D:1:      saegor_arrival_under_anarchy, layout_loops_corners,
          dreamdust_ecumenical_altar_grove, chequers_garden
D:2:      layout_basic, minmay_box_of_dots, uniq_crazy_yiuf_cottage
D:3:      layout_rooms, mainiacjoe_overflow_brackets, uniq_natasha

Skill      XL: |  1  2  3  4 |
---------------+-------------+-----
Earth Magic    | 4 |  4.5
Maces & Flails | 1 |  1.6
Fighting       | 1 |  1.0
Armour         | 1 |  1.1
Dodging        | |  1.7
Stealth        | |  2.7
Spellcasting   | |  2.9
Transmutations | |  0.7

Action                   |  1- 3 |  4- 6 || total
-------------------------+-------+-------++-------
Melee: Club              |    11 |       ||    11
       Whip              |    91 |    19 ||   110
       Quarterstaff      |       |    10 ||    10
 Cast: Sandblast         |    21 |     6 ||    27
 Stab: Sleeping          |     3 |     4 ||     7
Armor: Robe              |    12 |       ||    12
       Leather armour    |    15 |    12 ||    27
Dodge: Dodged            |    69 |    15 ||    84
